 Dungeon Crawl Stone Soup version 0.29.1-15-g9cfb28693d (webtiles) character file.

Game seed: 17767147236546248382

843 suse60 the Trooper (level 7, -1/58 (61) HPs)
             Began as a Demigod Fighter on Mar 12, 2023.
             Succumbed to an adder's poison
             ... on level 5 of the Dungeon.
             The game lasted 00:27:50 (4730 turns).

suse60 the Trooper (Demigod Fighter)                Turns: 4730, Time: 00:27:51

HP:   -1/58 (61)    AC: 11    Str: 21    XL:     7   Next: 40%
MP:   0/9           EV:  7    Int: 10    God:
Gold: 179           SH:  9    Dex: 17    Spells: 6/6 levels left

rFire   . . .      SeeInvis .   a - +1 war axe
rCold   . . .      Faith    .   c - +0 buckler
rNeg    . . .      Spirit   +   e - +1 chain mail
rPois   .          Reflect  .   (helmet restricted)
rElec   .          Harm     .   r - +0 cloak
rCorr   .          Rampage  .   (no gloves)
Will    .....                   (no boots)
Stlth   ..........              j - amulet of guardian spirit
HPRegen 0.19/turn               (no ring)
MPRegen 0.11/turn               (no ring)

@: lethally poisoned (-1 -> -7), lightly drained
A: high MP 1, forlorn, divine attributes, horns 1, large bone plates 1, no
potion heal 1
a: no special abilities


You were on level 5 of the Dungeon.
You visited 1 branch of the dungeon, and saw 5 of its levels.
You also visited: Sewer.

You collected 179 gold pieces.

Inventory:

Hand Weapons
 a - a +1 war axe (weapon)
 h - the +9 sling "Ocoimeab" {flame, Str+4}
   (You took it off a goblin on level 2 of the Dungeon)

   Any ammunition fired from it burns those it strikes, dealing additional fire
   damage.
   Str:       It affects your strength (+4).
Missiles
 b - 15 poisoned darts (quivered)
 s - 5 javelins
Armour
 c - a +0 buckler (worn)
 e - a +1 chain mail (worn)
 r - a +0 cloak (worn)
Jewellery
 j - an amulet of guardian spirit (around neck)
 v - a ring of protection from fire
Wands
 q - a wand of flame (9)
Scrolls
 f - a scroll of immolation {unknown}
 i - a scroll of enchant weapon
 o - a scroll of butterflies
 t - 3 scrolls of teleportation
Potions
 d - a potion of invisibility {unknown}
 g - a potion of mutation
 k - 2 potions of curing {unknown}
 l - 2 potions of might
 m - 2 potions of flight {unknown}
 n - a potion of cancellation {unknown}
 p - a potion of brilliance {unknown}
 u - a potion of degeneration {unknown}


   Skills:
 + Level 5.0 Fighting
 + Level 4.6 Axes
 * Level 4.7 Ranged Weapons
 - Level 2.8 Armour
 - Level 2.8 Shields


You had 6 spell levels left.
You didn't know any spells.
Your spell library contained the following spells:

 Spells                   Type           Power      Damage    Failure   Level
 Blink                    Tloc           0%         N/A       100%        2
 Ignite Poison            Fire/Tmut/Pois 0%         N/A       100%        3
 Lesser Beckoning         Tloc           0%         N/A       100%        3
 Mephitic Cloud           Conj/Pois/Air  0%         N/A       100%        3
 Freezing Cloud           Conj/Ice/Air   0%         6-21      100%        5
 Manifold Assault         Tloc           0%         N/A       100%        5


Dungeon Overview and Level Annotations

Branches:
Dungeon (5/15)             Temple (0/1) D:5           Sewer (visited)

Shops:
D:2 =


Innate Abilities, Weirdness & Mutations

You have an increased reservoir of magic. (+10% MP)
You shall have no god before yourself.
Your divine heritage dramatically boosts your attributes as you level up.
You have a pair of small horns on your head.
You are partially covered in large bone plates. (SH +4)
Potions are less effective at restoring your health.


Message History

The gnoll bouda barely misses you. You block the gnoll's attack.
You slash the gnoll!
You kill the gnoll!
You hit the gnoll. x2
You kill the gnoll!
You slash the gnoll bouda!
You kill the gnoll bouda!
You block the gnoll's attack. The adder bites you.
* * * LOW HITPOINT WARNING * * *
You are poisoned.
The adder poisons you!
You hit the orc.
The orc is lightly wounded.
You hit the adder. You hit the gnoll.
You feel sick. The adder bites you but does no damage.
The orc barely misses you. The gnoll hits you with a +0 flail!
* * * LOW HITPOINT WARNING * * *
You hit the orc.
You kill the orc!
You hit the gnoll. You barely miss the adder.
You feel sick.
The gnoll is no longer moving quickly.
The adder bites you but does no damage. You block the gnoll's attack.
The adder bites you.
* * * LOW HITPOINT WARNING * * *
You are lethally poisoned!
The adder poisons you! The necrophage hits you.
* * * LOW HITPOINT WARNING * * *
You feel drained.
You slash the adder! Your headbutt misses the adder.
The adder is almost dead.
You slash the gnoll!
You kill the gnoll!
You slash the necrophage!
* * * LOW HITPOINT WARNING * * *
You feel sick. The adder barely misses you. The necrophage hits you.
* * * LOW HITPOINT WARNING * * *
You feel drained. The adder bites you but does no damage.
You slash the adder!
You kill the adder!
You barely miss the necrophage.
You die...

######## # #......# #
#......# # #......### #
#..n.....# ### #.@)...#.# ..
##### #.))...#....
#######...#######...##....#
.......................>..#
###.....#)....###....#.....!
#
#)#######......#####..#####
# #.....# #.#....... .... #
#.....# #.#....... .
###.....# #.#.......


You could see a necrophage.

Vanquished Creatures
  Pargi (Sewer)
  An ogre (D:5)
  A phantom (D:5)
  A scorpion (D:5)
  A jelly (D:5)
  A gnoll bouda (D:5)
  2 orc priests (D:5)
  3 hounds
  Ijyb (D:3)
  An orc wizard (D:5)
  An iguana (D:5)
  12 adders
  3 gnolls (D:5)
  2 worms
  15 orcs
  7 endoplasms
  6 giant cockroaches
  5 hobgoblins
  7 jackals
  9 quokkas
  13 ball pythons
  5 bats
  10 frilled lizards
  6 goblins
  5 kobolds
  6 rats
  A butterfly (D:5)
126 creatures vanquished.

Notes
Turn   | Place    | Note
-------+----------+-------------------------------------------
     0 | D:1      | suse60 the Demigod Fighter began the quest for the Orb.
     0 | D:1      | Reached XP level 1. HP: 18/18 MP: 3/3
   446 | D:1      | Reached XP level 2. HP: 21/25 MP: 4/4
   694 | D:1      | Reached skill level 3 in Fighting
  1269 | D:2      | Reached XP level 3. HP: 31/31 MP: 5/5
  1556 | D:2      | Identified the +9 sling "Ocoimeab" {flame, Str+4}
  1795 | D:2      | Reached XP level 4. HP: 39/39 MP: 4/6
  2019 | D:2      | Found Cumaave's Jewellery Emporium.
  2181 | D:3      | Found a glowing drain.
  2210 | Sewer    | Entered a sewer
  2305 | Sewer    | Noticed Pargi
  2313 | Sewer    | Killed Pargi
  2314 | Sewer    | Reached skill level 4 in Fighting
  2314 | Sewer    | Reached XP level 5. HP: 39/46 MP: 5/7
  2520 | D:3      | Noticed Ijyb
  2530 | D:3      | Killed Ijyb
  3567 | D:4      | Identified the +4 ring mail "Xeinawufi" {Rampage}
  3768 | D:4      | Reached XP level 6. HP: 52/52 MP: 8/8
  4263 | D:5      | Entered Level 5 of the Dungeon
  4471 | D:5      | Found a staircase to the Ecumenical Temple.
  4565 | D:5      | Reached XP level 7. HP: 60/60 MP: 9/9
  4584 | D:5      | Gained mutation: Potions are less effective at restoring
                  | your health. [potion of mutation]
  4584 | D:5      | Gained mutation: You have a pair of small horns on your
                  | head. [potion of mutation]
  4584 | D:5      | Gained mutation: You are partially covered in large bone
                  | plates. (SH +4) [potion of mutation]
  4701 | D:5      | Reached skill level 5 in Fighting
  4729 | D:5      | HP: 2/60 [poisoned by an adder]
  4730 | D:5      | Succumbed to an adder's poison

Illustrated notes

Levels and vault maps discovered:
D:1:      lemuel_arrival_broad_hall, layout_loops_ring,
          nicolae_ecumenical_snake_handling, kennysheep_decorative_pillar,
          st_stairs_7, minmay_3d_cube
D:2:      minmay_evil_eye, layout_basic, serial_shops, shop, roderic_lattice_a
D:3:      layout_basic, portal_sewer_entry_f, uniq_ijyb
D:4:      layout_basic, grunt_temple_overflow_open
D:5:      layout_basic, minmay_temple_entry_butterflies,
          nicolae_elevator_lobby_plus

Skill      XL: |  1  2  3  4  5  6  7 |
---------------+----------------------+-----
Axes           | 2 3 4 |  4.6
Fighting       | 3 4 5 |  5.0
Ranged Weapons | 2 4 |  4.7
Armour         | |  2.8
Shields        | |  2.8

Action                   |  1- 3 |  4- 6 |  7- 9 || total
-------------------------+-------+-------+-------++-------
Melee: War axe           |   116 |   144 |    11 ||   271
 Fire: Sling             |    10 |    44 |    28 ||    82
  Use: Scroll            |     5 |     6 |     1 ||    12
       Potion            |       |     1 |     1 ||     2
Armor: Chain mail        |    54 |   104 |    14 ||   172
       Scale mail        |     2 |       |       ||     2
Dodge: Dodged            |    31 |    53 |    10 ||    94
Block: Buckler           |    25 |    43 |    15 ||    83
